 Dungeon Crawl Stone Soup version 0.26-a0-264-g3a47132 (webtiles) character file.

Game seed: 17803295635120763643

64 Illumine the Magician (level 3, 0/20 HPs)
             Began as a Deep Elf Hedge Wizard on July 13, 2020.
             Slain by Terence
             ... wielding a +2 vorpal hand axe
              (1 damage)
             ... on level 1 of the Dungeon.
             The game lasted 00:02:27 (1747 turns).

Illumine the Magician (Deep Elf Hedge Wizard)       Turns: 1747, Time: 00:02:28

Health: 0/20       AC:  2    Str:  7    XL:     3   Next: 91%
Magic:  11/11      EV: 13    Int: 19    God:
Gold:   106        SH:  0    Dex: 14    Spells: 11/12 levels left

rFire    . . .     SeeInvis .   a - +0 dagger
rCold    . . .     Faith    .   (no shield)
rNeg     . . .     Spirit   .   b - +0 robe
rPois    .         Reflect  .   c - +0 hat
rElec    .         Harm     .   (no cloak)
rCorr    .                      (no gloves)
MR       .....                  (no boots)
Stlth    ++........             (no amulet)
HPRegen  0.06/turn              (no ring)
MPRegen  0.12/turn              (no ring)

@: no status effects
A: no striking features
a: no special abilities


You were on level 1 of the Dungeon.
You were not hungry.

You visited 1 branch of the dungeon, and saw 2 of its levels.

You collected 106 gold pieces.

Inventory:

Hand Weapons
 a - a +0 dagger (weapon)
Armour
 b - a +0 robe (worn)
 c - a +0 hat (worn)
Jewellery
 d - an uncursed amulet of guardian spirit
Scrolls
 e - 2 scrolls of identify {unknown}
 g - 2 scrolls of teleportation {unknown}
 h - a scroll of amnesia {unknown}
 j - a scroll of enchant armour {unknown}
 m - a scroll of remove curse {unknown}
Potions
 i - a potion of brilliance {unknown}
 k - 2 potions of degeneration {unknown}
 l - a potion of flight {unknown}
Comestibles
 f - 5 rations


   Skills:
 + Level 1.3 Fighting
 + Level 3.3 Dodging
 - Level 2.4 Stealth
 + Level 5.0 Spellcasting
 + Level 2.2 Conjurations
   Level 1.1 Summonings
   Level 1.1 Translocations


You had 11 spell levels left.
You knew the following spells:

 Your Spells              Type           Power        Failure   Level
a - Magic Dart            Conj           ##..         4%          1

Your spell library contained the following spells:

 Spells                   Type           Power        Failure   Level
 Blink                    Tloc           N/A          12%         2
 Call Imp                 Summ           #.......     12%         2
 Slow                     Hex            #.......     19%         2
 Conjure Flame            Conj/Fire      #.......     24%         3
 Mephitic Cloud           Conj/Pois/Air  #.......     28%         3


Dungeon Overview and Level Annotations

Branches:
Dungeon (2/15)

Altars:

Annotations:
D:1 Terence


Message History

Terence is lightly wounded.
Terence says, "Time to say good-bye..."
There is a stone staircase leading up here.
Terence completely misses you.
You climb upwards.
There is a stone staircase leading down here.
You see here 2 stones.
Terence bares his teeth.
There is a stone staircase leading down here.
Terence hits you with a +2 vorpal hand axe.
You see here 2 stones.
There is a stone staircase leading down here.
You barely miss Terence. Terence hits you but does no damage.
You hit Terence but do no damage.
Terence hits you with a +2 vorpal hand axe.
* * * LOW HITPOINT WARNING * * *
You hit Terence but do no damage.
Terence hits you with a +2 vorpal hand axe.
* * * LOW HITPOINT WARNING * * *
You die...

### #.#######
#.......################
#.###...................
#.# #.#.################
###(###.#@################
#....##.#@................
#....##>................##
#....##............###...#
###.###.##......##.###...#
#.............##........
##..##.##......##.##..##.
#..(.....................
###.#.######.......#>.##.
#.#.######.#.....#..###


You could see Terence.

Vanquished Creatures
  Jessica (D:2)
  An adder (D:2)
  An ooze (D:2)
  A worm (D:2)
  A dart slug (D:1)
  6 bats
  4 goblins (D:2)
  2 jackals
  2 kobolds (D:1)
  2 frilled lizards (D:1)
  A rat (D:1)
22 creatures vanquished.

Notes
Turn   | Place    | Note
-------+----------+-------------------------------------------
     0 | D:1      | Illumine the Deep Elf Hedge Wizard began the quest for the
                  | Orb.
     0 | D:1      | Reached XP level 1. HP: 10/10 MP: 7/7
   501 | D:1      | Reached XP level 2. HP: 16/16 MP: 4/9
   980 | D:2      | Noticed Jessica
  1005 | D:2      | Killed Jessica
  1005 | D:2      | Reached skill level 1 in Fighting
  1005 | D:2      | Reached XP level 3. HP: 4/20 MP: 0/11
  1383 | D:2      | Noticed Terence
  1391 | D:2      | Reached skill level 5 in Spellcasting
  1747 | D:1      | HP: 1/20 [Terence/+2 vorpal hand axe (4)]
  1747 | D:1      | Slain by Terence

Illustrated notes

Levels and vault maps discovered:
D:1:      dpeg_arrival_pits, layout_basic
D:2:      layout_rooms, led_sif_pool, lemuel_doored_altar, ashenzari_altar_1,
          kennysheep_generic_room_14, uniq_jessica, uniq_crazy_yiuf_cottage,
          uniq_terence

Skill      XL: |  1  2  3 |
---------------+----------+-----
Fighting       | 1 |  1.3
Dodging        | 3 |  3.3
Conjurations   | 2 |  2.2
Spellcasting   | 5 |  5.0
Stealth        | |  2.4
Summonings     | |  1.1
Translocations | |  1.1

Action                   || total
-------------------------++-------
Melee: Dagger            ||    14
 Cast: Magic Dart        ||    69
  Eat: Ration            ||     1
Armor: Robe              ||     5
Dodge: Dodged            ||    21

Table legend:
 A = Non-vault XP
 B = Vault XP
 C = Vault XP percentage of total XP
 D = Non-vault monster count
 E = Vault monster count
 F = Vault count percentage of total count
                 A         B        C        D         E       F
            +---------+---------+-------+---------+---------+-------
      Total |      55 |      37 |  40.2 |      21 |       1 |   4.5
            +---------+---------+-------+---------+---------+-------
        D:1 |      17 |       0 |   0.0 |       9 |       0 |   0.0
        D:2 |      38 |      37 |  49.3 |      12 |       1 |   7.7
            +---------+---------+-------+---------+---------+-------
